 Dungeon Crawl Stone Soup version 0.27-a0-1119-gbf574a6a6b (webtiles) character file.

Game seed: 11485063520732402672

18354 spiderkeys the Severer (level 12, -3/162 HPs)
             Began as a Hill Orc Abyssal Knight on May 3, 2021.
             Was a High Priest of Lugonu.
             Slain by a skeletal warrior
             ... wielding a +0 dire flail
             ... led by a skeletal warrior
              (11 damage)
             ... on level 12 of the Dungeon.
             The game lasted 00:23:22 (16350 turns).

spiderkeys the Severer (Hill Orc Abyssal Knight)   Turns: 16350, Time: 00:23:23

Health: -3/162     AC: 24    Str: 25    XL:     12   Next: 57%
Magic:  0/20       EV:  6    Int: 12    God:    Lugonu [*****.]
Gold:   701        SH: 11    Dex: 10    Spells: 11/11 levels left

rFire    + . .     SeeInvis .   I - +1 war axe (elec)
rCold    . . .     Faith    .   m - +0 kite shield
rNeg     . . .     Spirit   +   K - +0 plate armour
rPois    .         Reflect  .   q - +0 helmet
rElec    .         Harm     .   y - +0 cloak
rCorr    .         Rampage  .   (no gloves)
Will     .....                  t - +1 pair of boots of Meisuq {Str+5}
Stlth    ..........             G - amulet of guardian spirit
HPRegen  0.37/turn              F - ring of protection from fire
MPRegen  0.17/turn              O - +4 ring of protection

@: berserking, studying Armour, very quick
A: no striking features
a: Renounce Religion, Depart the Abyss, Bend Space, Banish, Corrupt, Enter the
Abyss


You were on level 12 of the Dungeon.
You worshipped Lugonu.
Lugonu was extremely pleased with you.
You visited 1 branch of the dungeon, and saw 12 of its levels.
You visited the Abyss 1 time.
You also visited: Ossuary and Bailey.

You collected 771 gold pieces.
You spent 70 gold pieces at shops.


   Skills:
 + Level 10.6 Fighting
 * Level 15.0 Axes
 + Level 10.2 Armour
 - Level 1.0 Dodging
 + Level 8.9 Shields
 + Level 11.0 Invocations


You had 11 spell levels left.
You didn't know any spells.
Your spell library contained the following spells:

 Spells                   Type           Power      Damage    Failure   Level
 Beastly Appendage        Tmut           0%         N/A       100%        1
 Corona                   Hex            0%         N/A       100%        1
 Freeze                   Ice            0%         1d3       100%        1
 Shock                    Conj/Air       0%         1d3       100%        1
 Sting                    Tmut/Pois      0%         1d3       100%        1
 Poisonous Vapours        Pois/Air       0%         N/A       100%        2
 Slow                     Hex            0%         N/A       100%        2
 Static Discharge         Conj/Air       0%         N/A       100%        2
 Wereblood                Tmut           0%         N/A       100%        2
 Frozen Ramparts          Ice            0%         1d2       100%        3
 Ignite Poison            Fire/Tmut/Pois 0%         N/A       100%        3
 Inner Flame              Hex/Fire       0%         N/A       100%        3
 Mephitic Cloud           Conj/Pois/Air  0%         N/A       100%        3
 Ozocubu's Armour         Ice            0%         N/A       100%        3
 Portal Projectile        Hex/Tloc       0%         N/A       100%        3
 Spider Form              Tmut/Pois      0%         N/A       100%        3
 Swiftness                Air            0%         N/A       100%        3
 Airstrike                Air            0%         N/A       100%        4
 Cause Fear               Hex            0%         N/A       100%        4
 Hailstorm                Conj/Ice       0%         3d3       100%        4
 Ice Form                 Ice/Tmut       0%         N/A       100%        4
 Leda's Liquefaction      Hex/Erth       0%         N/A       100%        4
 Olgreb's Toxic Radiance  Pois           0%         N/A       100%        4
 Alistair's Intoxication  Tmut/Pois      0%         N/A       100%        5
 Excruciating Wounds      Necr           0%         N/A       100%        5
 Hydra Form               Tmut           0%         N/A       100%        5
 Lightning Bolt           Conj/Air       0%         1d11      100%        5
 Metabolic Englaciation   Hex/Ice        0%         N/A       100%        5
 Silence                  Hex/Air        0%         N/A       100%        5
 Summon Forest            Summ/Tloc      0%         N/A       100%        5
 Summon Mana Viper        Hex/Summ       0%         N/A       100%        5
 Yara's Violent Unravell  Hex/Tmut       0%         3d3       100%        5
 Death Channel            Necr           0%         N/A       100%        6
 Shadow Creatures         Summ           N/A        N/A       100%        6
 Summon Hydra             Summ           0%         N/A       100%        7

Inventory:

Hand Weapons
 b - a +0 hunting sling
   (You found it on level 3 of the Dungeon)
 c - a +4 war axe
   (You took it off an orc on level 2 of the Dungeon)
 I - a +1 war axe of electrocution (weapon)
   (You found it on level 10 of the Dungeon)
 P - the +6 trident of the Exiled Violins {drain, +Blink Will+ Str+4 Dex+3}
   (You found it on level 6 of the Dungeon)

   A truly terrible weapon, it drains the life of those it strikes.
   It affects your strength (+4).
   It affects your dexterity (+3).
   It lets you blink.
   It increases your willpower.
Missiles
 a - a curare-tipped dart {=f}
 d - 305 arrows
 e - 119 sling bullets
 g - 424 stones
 p - 37 bolts
 z - 34 poisoned darts
 B - 8 boomerangs
 Q - 8 javelins
 W - 2 throwing nets {=f!f}
Armour
 m - a +0 kite shield (worn)
   (You found it on level 3 of the Dungeon)
 q - a +0 helmet (worn)
   (You took it off Robin on level 4 of the Dungeon)
 t - the +1 pair of boots of Meisuq (worn) {Str+5}
   (You found it on level 4 of the Dungeon)

   It affects your strength (+5).
 y - a +0 cloak (worn)
   (You found it on level 5 of the Dungeon)
 K - a +0 plate armour (worn)
   (You took it off an orc warrior on level 6 of the Dungeon)
Jewellery
 A - an amulet of the acrobat
   (You found it on level 12 of the Dungeon)
 D - a +6 ring of dexterity
   (You found it on level 8 of the Dungeon)
 F - a ring of protection from fire (left hand)
   (You found it on level 2 of the Dungeon)
 G - an amulet of guardian spirit (around neck)
   (You found it on level 9 of the Dungeon)
 L - a ring of flight
   (You found it on level 4 of the Dungeon)
 O - a +4 ring of protection (right hand)
   (You found it on level 11 of the Dungeon)
Wands
 j - a wand of flame (37)
   (You found it on level 3 of the Dungeon)
 w - a wand of digging (6)
   (You found it on level 4 of the Dungeon)
 C - a wand of charming (7)
   (You found it on level 6 of the Dungeon)
 N - a wand of paralysis (13)
   (You found it on level 7 of the Dungeon)
 T - a wand of acid (9)
   (You found it on level 9 of the Dungeon)
Scrolls
 h - 11 scrolls of noise {!r}
 l - 3 scrolls of teleportation {@r4}
 o - a scroll of holy word
 v - 3 scrolls of enchant armour
 x - a scroll of enchant weapon
 E - 2 scrolls of identify {@r1}
 M - a scroll of torment {!r}
 R - 4 scrolls of immolation {!r!r}
 V - 2 scrolls of fear
Potions
 f - 7 potions of lignification {!q}
 i - 13 potions of degeneration {!q}
 k - 2 potions of magic
 s - 2 potions of curing {@q1}
 u - 3 potions of brilliance
 H - 5 potions of mutation {!q}
 J - 2 potions of might
 S - a potion of berserk rage {!q}
 U - 2 potions of ambrosia
 X - a potion of invisibility
Miscellaneous
 n - a box of beasts
   (You found it on level 10 of the Dungeon)

Dungeon Overview and Level Annotations

Branches:
Dungeon (12/15)            Temple (0/1) D:4            Lair (0/6) D:8
    Orc (0/2) D:9         Ossuary (visited)          Bailey (visited)

Altars:
Cheibriados
Dithmenos
Elyvilon
Fedhas
Ru
Sif Muna
Vehumet
Yredelemnul
Zin
The Shining One

Shops:
D:2 ? D:10

! ...##....##...........
#'#####.....##...
#...........########
#..................#....#
#....##............#....#
#....##............#....#
######.....#....z##....##....#
.....#.....#.....##....##....#
.....#.....#...z@z......#....#
.....#.....#..รท.........#....#
.....#....####'####....##....#
.?...###'##.......#....##....#
##................#..........#
.+...z............#..........#
.#................#..........#
.#................#..........#
.#................#....##....#


You could see 3 skeletal warriors.


Message History

Lugonu accepts your kill.
You block the skeletal warrior's attack.
The skeletal warrior hits you with a +0 dire flail!
The skeletal warrior closely misses you.
Your Axes skill increases to level 15! ๐Ÿ˜• HP[-9] MP[-2]
You take 9 damage, and now have 90/108 hp.
You lost 2 mp, and now have 16/20 mp.
You slash the skeletal warrior!
Your plate armour prevents you from hitting the skeletal warrior.
The skeletal warrior hits you from afar with a +0 halberd!!
The skeletal warrior hits you with a +2 flail of protection. ๐Ÿ˜ฎ HP[-20] MP[-3]
You take 20 damage, and now have 70/108 hp.
You lost 3 mp, and now have 13/20 mp.
You hit the skeletal warrior but do no damage.
You hit the skeletal warrior.
Lightning courses through the skeletal warrior!
The skeletal warrior hits you but does no damage.
The skeletal warrior hits you with a +0 dire flail!
The skeletal warrior hits you but does no damage. ๐Ÿ˜ฎ HP[-9] MP[-2]
You take 9 damage, and now have 61/108 hp.
You lost 2 mp, and now have 11/20 mp.
You completely miss the skeletal warrior.
You hit the skeletal warrior but do no damage.
Lightning courses through the skeletal warrior!
The skeletal warrior hits you from afar with a +0 halberd. ๐Ÿ˜ฎ HP[-3] MP[-1]
You take 3 damage, and now have 58/108 hp.
You lost 1 mp, and now have 10/20 mp.
You hit the skeletal warrior but do no damage. x2
You block the skeletal warrior's attack.
The skeletal warrior barely misses you.
The skeletal warrior hits you from afar with a +0 halberd!
* * * LOW HITPOINT WARNING * * *
๐Ÿ˜จ HP[-14] MP[-2]
You take 14 damage, and now have 44/108 hp.
You lost 2 mp, and now have 8/20 mp.
You slash the skeletal warrior!
You hit the skeletal warrior but do no damage.
Lightning courses through the skeletal warrior!
The skeletal warrior hits you with a +0 dire flail.
* * * LOW HITPOINT WARNING * * *
The skeletal warrior hits you with a +2 flail of protection!
* * * LOW HITPOINT WARNING * * *
You block the skeletal warrior's attack. ๐Ÿ˜จ HP[-11] MP[-1]
You take 11 damage, and now have 33/108 hp.
You lost 1 mp, and now have 7/20 mp.
You hit the skeletal warrior but do no damage. x2
The skeletal warrior hits you with a +0 dire flail!
* * * LOW HITPOINT WARNING * * *
The skeletal warrior hits you with a +2 flail of protection.
* * * LOW HITPOINT WARNING * * *
You block the skeletal warrior's attack. ๐Ÿ˜ฑ HP[-18] MP[-3]
You take 18 damage, and now have 15/108 hp.
You lost 3 mp, and now have 4/20 mp.
You feel much better.
The skeletal warrior hits you with a +0 dire flail!!
* * * LOW HITPOINT WARNING * * *
The skeletal warrior hits you with a +2 flail of protection!
* * * LOW HITPOINT WARNING * * *
The skeletal warrior hits you but does no damage. ๐Ÿ˜ฑ HP[-2] MP[-2]
You take 2 damage, and now have 13/108 hp.
You lost 2 mp, and now have 2/20 mp.
You feel much better.
You block the skeletal warrior's attack.
The skeletal warrior hits you but does no damage.
The skeletal warrior hits you from afar with a +0 halberd!
* * * LOW HITPOINT WARNING * * *
๐Ÿ˜ฑ HP[+12] MP[-1]
You regained 12 hp, and now have 25/108 hp.
You lost 1 mp, and now have 1/20 mp.
You barely miss the skeletal warrior.
You hit the skeletal warrior but do no damage.
Lightning courses through the skeletal warrior!!
The skeletal warrior hits you with a +0 dire flail!
* * * LOW HITPOINT WARNING * * *
The skeletal warrior hits you with a +2 flail of protection!
* * * LOW HITPOINT WARNING * * *
The skeletal warrior hits you but does no damage. ๐Ÿ˜ฑ HP[-20] MP[-1]
You take 20 damage, and now have 5/108 hp.
You lost 1 mp, and now have 0/20 mp.
Okay, then.
You feel much better.
The skeletal warrior hits you with a +0 dire flail!
* * * LOW HITPOINT WARNING * * *
The skeletal warrior hits you with a +2 flail of protection.
* * * LOW HITPOINT WARNING * * *
The skeletal warrior hits you from afar with a +0 halberd.
* * * LOW HITPOINT WARNING * * *
Really quaff
S - 2 potions of berserk rage {!q}?
A red film seems to cover your vision as you go berserk!
You feel yourself moving faster!
You feel mighty!
The skeletal warrior hits you with a +0 dire flail!
You die...

Skill      XL: |  1  2  3  4  5  6  7  8  9 10 11 12 |
---------------+-------------------------------------+-----
Axes           | 3 4 5 6 7 9 10 12 14 15 | 15.0
Dodging        | 1 |  1.0
Fighting       | 4 5 6 7 9 10 | 10.6
Invocations    | 3 4 5 6 7 9 10 11 | 11.0
Armour         | 3 4 5 6 7 9 10 | 10.2
Shields        | 1 2 3 4 5 7 8 |  8.9

Action                   |  1- 3 |  4- 6 |  7- 9 | 10-12 || total
-------------------------+-------+-------+-------+-------++-------
Melee: Hand axe          |   130 |    54 |       |       ||   184
       War axe           |       |    95 |   300 |   462 ||   857
 Fire: Hunting sling     |       |    19 |       |       ||    19
Throw: Dart              |       |       |       |    16 ||    16
       Javelin           |       |       |       |     1 ||     1
Invok: Depart the Abyss  |     1 |       |       |       ||     1
       Banish            |       |       |       |     3 ||     3
  Use: Scroll            |     3 |     8 |     5 |     4 ||    20
       Potion            |       |     3 |     1 |     4 ||     8
 Stab: Invisible         |       |     1 |       |       ||     1
Armor: Leather armour    |    28 |     2 |       |       ||    30
       Chain mail        |       |    91 |   111 |       ||   202
       Plate armour      |       |       |    57 |   282 ||   339
Dodge: Dodged            |    72 |    42 |    73 |    96 ||   283
Block: Kite shield       |       |    53 |   145 |   240 ||   438

Levels and vault maps discovered:
D:1:      ldierk_water_garden, layout_loops_ring, ebering_ecumenical_altar_rust
D:2:      layout_loops_corners, serial_shops, shop
D:3:      layout_rooms, vehumet_altar_wand_db, guppyfry_early_orc_mine
D:4:      kennysheep_goblin_castle, layout_basic, kennysheep_ying_yang,
          grunt_temple_overflow_diamond, temple_green
D:5:      wander_river, layout_basic, hangedman_feature_mirror,
          columned_hall_lemuel
D:6:      layout_cave_pools, tso_metal_star
D:7:      layout_basic, lightli_ossuary_entry_decrepit_ruins, minmay_hedge_maze,
          serial_bayou_pond_b
D:8:      layout_loops_ring, nicolae_dithmenos_shadow_blocks,
          due_lair_maze_entry_diamond, special_room [special_room_orc],
          uniq_harold, uniq_erica
D:9:      layout_rooms, orc_0_dummy
D:10:     layout_basic, serial_shops, shop, chequers_serial_rivers_small_3,
          chequers_serial_rivers_small_a, amcnicky_mini_pool_small
D:11:     layout_loops_corners, enter_bailey_2, bh_hangedman_babel_library
D:12:     layout_gridville, gauntlet_entry_generic, uniq_jorgrun

Notes
Turn   | Place    | Note
-------+----------+-------------------------------------------
     0 | Abyss:1  | spiderkeys the Hill Orc Abyssal Knight began the quest for
                  | the Orb.
     0 | Abyss:1  | Reached XP level 1. HP: 19/19 MP: 2/2
     0 | Abyss:1  | magus.rc [v1.9.10]
   199 | Abyss:1  | Noticed a deep elf demonologist
   221 | D:1      | You pass through the gate.
   221 | D:1      | Escaped the Abyss
   508 | D:1      | Reached skill level 3 in Axes
   508 | D:1      | Reached XP level 2. HP: 25/27 MP: 3/3
   512 | D:1      | Reached skill level 1 in Dodging
   513 | D:1      | Reached * piety under Lugonu
   744 | D:1      | Found a faded altar of an unknown god.
  1292 | D:1      | Reached XP level 3. HP: 33/33 MP: 5/5
  1595 | D:2      | Reached skill level 4 in Fighting
  1595 | D:2      | Reached skill level 3 in Invocations
  2417 | D:2      | Reached ** piety under Lugonu
  2446 | D:2      | Reached XP level 4. HP: 39/40 MP: 6/6
  2468 | D:2      | Reached skill level 4 in Axes
  2548 | D:2      | Found Moiruo's Magic Scroll Emporium.
  2557 | D:2      | Bought a scroll of identify for 20 gold pieces
  2990 | D:3      | Reached skill level 3 in Armour
  3311 | D:3      | You pick up a book of Changes and begin reading...
  3311 | D:3      | You add the spells Beastly Appendage, Wereblood, Spider
                  | Form, Ice Form and Hydra Form to your library.
  3886 | D:3      | Found a radiant altar of Vehumet.
  4215 | D:4      | Reached XP level 5. HP: 46/46 MP: 7/7
  4461 | D:4      | Noticed Robin
  4471 | D:4      | Reached skill level 1 in Shields
  4473 | D:4      | Killed Robin
  4478 | D:4      | Reached skill level 5 in Axes
  4554 | D:4      | You pick up a book of Air and begin reading...
  4554 | D:4      | You add the spells Shock, Static Discharge, Swiftness,
                  | Airstrike and Lightning Bolt to your library.
  4612 | D:4      | Identified the +1 pair of boots of Meisuq {Str+5}
  4735 | D:4      | Found a staircase to the Ecumenical Temple.
  4781 | D:4      | Found a white marble altar of Elyvilon.
  4892 | D:4      | Reached skill level 4 in Invocations
  4892 | D:4      | Reached XP level 6. HP: 43/53 MP: 7/9
  5099 | D:4      | Found a glowing silver altar of Zin.
  5101 | D:4      | Found a blossoming altar of Fedhas.
  5194 | D:4      | Found a shimmering blue altar of Sif Muna.
  5267 | D:4      | Found a basalt altar of Yredelemnul.
  5321 | D:5      | Entered Level 5 of the Dungeon
  5335 | D:5      | Reached skill level 2 in Shields
  5397 | D:5      | Reached skill level 6 in Axes
  5401 | D:5      | Reached skill level 5 in Fighting
  5401 | D:5      | Reached XP level 7. HP: 39/61 MP: 10/10
  5407 | D:5      | Reached *** piety under Lugonu
  5408 | D:5      | Reached skill level 4 in Armour
  5435 | D:5      | HP: 15/61 [iguana (8)]
  5676 | D:5      | Found a sacrificial altar of Ru.
  5781 | D:5      | Reached skill level 7 in Axes
  5781 | D:5      | Reached skill level 5 in Invocations
  5892 | D:5      | Reached skill level 3 in Shields
  6156 | D:5      | Reached XP level 8. HP: 68/69 MP: 11/11
  6221 | D:5      | Found a snail-covered altar of Cheibriados.
  6608 | D:6      | Found a glowing golden altar of the Shining One.
  6803 | D:6      | Identified the +6 trident of the Exiled Violins {drain,
                  | +Blink Will+ Str+4 Dex+3}
  6959 | D:5      | Reached skill level 6 in Fighting
  7026 | D:6      | Reached skill level 8 in Axes
  7096 | D:6      | Reached skill level 5 in Armour
  7462 | D:7      | Reached skill level 4 in Shields
  7462 | D:7      | Reached skill level 6 in Invocations
  7484 | D:7      | Found a sand-covered staircase.
  7493 | Ossuary  | Entered an ossuary
  7601 | Ossuary  | Reached **** piety under Lugonu
  7756 | D:7      | You pick up a book of Frost and begin reading...
  7756 | D:7      | You add the spells Freeze, Frozen Ramparts, Ozocubu's
                  | Armour, Hailstorm and Metabolic Englaciation to your
                  | library.
  7817 | D:7      | Reached skill level 9 in Axes
  7817 | D:7      | Reached XP level 9. HP: 78/78 MP: 13/13
  8365 | D:7      | Reached skill level 7 in Fighting
  8419 | D:7      | You add the spells Sting, Poisonous Vapours, Mephitic
                  | Cloud, Ignite Poison and Olgreb's Toxic Radiance to your
                  | library.
  8578 | D:7      | Reached skill level 6 in Armour
  8578 | D:7      | Reached skill level 7 in Invocations
  8821 | D:8      | Reached skill level 5 in Shields
  8983 | D:8      | Reached skill level 10 in Axes
  9002 | D:8      | Found a shadowy altar of Dithmenos.
  9002 | D:8      | Noticed Erica
  9010 | D:8      | HP: 18/79 [Erica/lance of force (21)]
  9288 | D:8      | Killed Erica
  9289 | D:8      | Reached XP level 10. HP: 59/88 MP: 15/15
  9521 | D:8      | Reached skill level 11 in Axes
  9590 | D:8      | Found a staircase to the Lair.
  9590 | D:8      | Noticed Harold
  9600 | D:8      | Reached skill level 8 in Fighting
  9600 | D:8      | Reached skill level 8 in Invocations
  9775 | D:9      | Killed Harold
  9776 | D:9      | Reached skill level 7 in Armour
  9776 | D:9      | Reached skill level 6 in Shields
 10319 | D:8      | Reached ***** piety under Lugonu
 10837 | D:9      | Noticed a kobold demonologist
 10839 | D:9      | Reached skill level 12 in Axes
 10849 | D:9      | Killed a kobold demonologist
 11051 | D:9      | Found a staircase to the Orcish Mines.
 11211 | D:10     | Entered Level 10 of the Dungeon
 11430 | D:10     | You pick up a book of Debilitation and begin reading...
 11430 | D:10     | You add the spells Corona, Slow, Inner Flame, Portal
                  | Projectile, Cause Fear and Leda's Liquefaction to your
                  | library.
 11439 | D:10     | Noticed a two-headed ogre
 11716 | D:10     | Banished a two-headed ogre
 11717 | D:10     | Reached skill level 9 in Fighting
 11717 | D:10     | Reached skill level 7 in Shields
 11717 | D:10     | Reached skill level 9 in Invocations
 11717 | D:10     | Reached XP level 11. HP: 97/97 MP: 12/17
 11939 | D:10     | Found Toecie's Distillery.
 11945 | D:10     | Bought a potion of heal wounds for 50 gold pieces
 12075 | D:10     | Reached skill level 8 in Armour
 12587 | D:11     | Reached skill level 13 in Axes
 12602 | D:11     | Noticed a manticore
 12608 | D:11     | Killed a manticore
 12694 | D:11     | Found a flagged portal.
 12701 | Bailey   | Entered a bailey
 12880 | Bailey   | Found an iron altar of Okawaru.
 12880 | Bailey   | Noticed an orc sorcerer
 12894 | Bailey   | Killed an orc sorcerer
 13053 | Bailey   | Noticed an orc knight
 13066 | Bailey   | Killed an orc knight
 13132 | Bailey   | Noticed an orc knight
 13132 | Bailey   | Noticed an orc knight
 13140 | Bailey   | Killed an orc knight
 13259 | Bailey   | Killed an orc knight
 13260 | Bailey   | Reached skill level 10 in Invocations
 14002 | Bailey   | Reached skill level 8 in Shields
 14128 | Bailey   | Noticed an orc knight
 14135 | Bailey   | Killed an orc knight
 14346 | Bailey   | Acquired a manual of Armour
 14407 | D:11     | Noticed a deep elf zephyrmancer
 14408 | D:11     | Noticed a deep elf pyromancer
 14410 | D:11     | Noticed a deep elf pyromancer
 14414 | D:11     | Killed a deep elf pyromancer
 14415 | D:11     | Reached skill level 10 in Fighting
 14415 | D:11     | Reached skill level 14 in Axes
 14415 | D:11     | Reached skill level 9 in Armour
 14415 | D:11     | Reached XP level 12. HP: 91/106 MP: 15/19
 14702 | D:11     | Identified the Compendium of Dhcmrlchtdj
 14711 | D:11     | Noticed a two-headed ogre
 14718 | D:11     | Killed a two-headed ogre
 15037 | D:11     | You pick up a book of Summonings and begin reading...
 15037 | D:11     | You add the spells Summon Forest, Summon Mana Viper, Shadow
                  | Creatures and Summon Hydra to your library.
 15088 | D:11     | Identified the Handbook of Sand
 15089 | D:11     | You add the spells Excruciating Wounds and Death Channel to
                  | your library.
 15098 | D:11     | Identified Ts'ui Pรชn's Papyrus of Forking Paths
 15099 | D:11     | You add the spells Yara's Violent Unravelling and Silence
                  | to your library.
 16014 | D:12     | Reached skill level 10 in Armour
 16214 | D:11     | Reached skill level 11 in Invocations
 16340 | D:12     | Reached skill level 15 in Axes
 16345 | D:12     | HP: 20/108 [skeletal warrior/+0 dire flail[a skeletal
                  | warrior] (14)]
 16348 | D:12     | HP: 5/108 [skeletal warrior/+2 flail of protection (7)]
 16350 | D:12     | Slain by a skeletal warrior

Vanquished Creatures
  Harold (D:9)
  Erica (D:8)
  A two-headed ogre (D:11)
  2 deep elf pyromancers (D:11)
  4 orc knights (Bailey)
  An orc sorcerer (Bailey)
  A cyclops (D:11)
  A manticore (D:11)
  An unseen horror (D:11)
  2 gargoyles
  3 komodo dragons
  2 kobold demonologists
  A shadow (D:12)
  A vampire (D:11)
  4 yaks (D:12)
  6 vampire mosquitoes
  An acid dragon (D:10)
  A water moccasin (D:8)
  A sky beast (D:8)
  10 orc warriors
  3 black bears (D:8)
  2 necrophages (D:7)
  2 ice beasts (D:7)
  3 ogres
  A phantom (D:4)
  11 centaurs
  3 kobold brigands
  2 scorpions
  5 bullfrogs
  2 water moccasin zombies (D:5)
  A water moccasin skeleton (D:5)
  5 killer bees (D:11)
  13 wights
  5 electric eels (Bailey)
  4 howler monkeys
  9 centaur zombies
  A human zombie (Ossuary)
  A bullfrog skeleton (D:7)
  2 jellies
  A centaur skeleton (D:6)
  2 hounds
  4 orc priests
  5 iguanas
  6 orc wizards
  A hound zombie (D:5)
  3 mummies (Ossuary)
  3 howler monkey zombies
  4 gnolls (Bailey)
  Robin (D:4)
  A howler monkey skeleton (D:7)
  3 adders
  2 white imps
  An ufetubus (D:6)
  An adder zombie (D:5)
  A worm (D:3)
  A dart slug (D:2)
  51 orcs
  A bat (D:3)
  6 endoplasms
  2 giant cockroaches
  33 goblins
  17 hobgoblins
  17 jackals
  3 quokkas
  7 ball pythons
  4 frilled lizards
  2 gnoll zombies (Ossuary)
  A goblin zombie (Ossuary)
  2 hobgoblin zombies (Ossuary)
  20 kobolds
  A kobold zombie (Ossuary)
  5 rats
332 creatures vanquished.

Vanquished Creatures (others)
  A goblin (Bailey)
  38 fungi (D:8)
  51 plants (D:8)
  4 toadstools (D:1)
94 creatures vanquished.

Grand Total: 426 creatures vanquished

Table legend:
 A = Non-vault XP
 B = Vault XP
 C = Vault XP percentage of total XP
 D = Non-vault monster count
 E = Vault monster count
 F = Vault count percentage of total count
                 A         B        C        D         E       F
            +---------+---------+-------+---------+---------+-------
      Total |   14925 |   11296 |  43.1 |     208 |     127 |  37.9
            +---------+---------+-------+---------+---------+-------
        D:1 |      34 |       0 |   0.0 |      21 |       0 |   0.0
        D:2 |      53 |       3 |   5.4 |      24 |       1 |   4.0
        D:3 |      43 |      15 |  25.9 |      14 |       7 |  33.3
        D:4 |     276 |      86 |  23.8 |      11 |      20 |  64.5
        D:5 |     954 |      45 |   4.5 |      26 |       2 |   7.1
        D:6 |     516 |       0 |   0.0 |      13 |       0 |   0.0
        D:7 |    1151 |     117 |   9.2 |      30 |       2 |   6.2
        D:8 |     610 |    2810 |  82.2 |      12 |      36 |  75.0
        D:9 |     518 |     965 |  65.1 |       6 |       1 |  14.3
       D:10 |    2613 |       0 |   0.0 |      12 |       0 |   0.0
       D:11 |    6583 |    2500 |  27.5 |      31 |       4 |  11.4
       D:12 |    1574 |       0 |   0.0 |       8 |       0 |   0.0
    Ossuary |       0 |     150 | 100.0 |       0 |      11 | 100.0
     Bailey |       0 |    4605 | 100.0 |       0 |      43 | 100.0
            +---------+---------+-------+---------+---------+-------

Illustrated notes

Table legend:
 A = Kills in this place as a percentage of kills in entire the game.
 B = Kills by you in this place as a percentage of kills by you in the entire game.
 C = Kills by friends in this place as a percentage of kills by friends in the entire game.
 D = Other kills in this place as a percentage of other kills in the entire game.
 E = Experience gained in this place as a percentage of experience gained in the entire game.
 F = Experience gained in this place divided by the number of levels of this place that you have seen.
                   A       B       C       D       E      F
               +-------+-------+-------+-------+-------+----------------------
         Total | 100.0 | 100.0 |   N/A | 100.0 | 100.0 | 1748.1
       Dungeon |  83.9 |  83.7 |   N/A | 100.0 |  81.9 | 1788.8
       Ossuary |   3.3 |   3.3 |   N/A |   0.0 |   0.6 | 150.0
        Bailey |  12.8 |  13.0 |   N/A |   0.0 |  17.6 | 4605.0
               +-------+-------+-------+-------+-------+----------------------

Table legend: (Time is in decaauts)
 A = Elapsed time spent in this place.
 B = Non-inter-level travel time spent in this place.
 C = Inter-level travel time spent in this place.
 D = Time resting spent in this place.
 E = Time spent auto-exploring this place.
 F = Levels seen in this place.
 G = Mean time per level.
                   A        B        C        D        E       F      G
               +--------+--------+--------+--------+--------+-----+--------+
         Total |  16553 |  16241 |    312 |   1510 |  11891 |  15 | 1103.5 |
       Dungeon |  14395 |  14083 |    312 |   1459 |  10228 |  12 | 1199.6 |
         Abyss |    222 |    222 |      0 |      0 |    200 |   1 |  222.0 |
       Ossuary |    265 |    265 |      0 |      0 |    177 |   1 |  265.0 |
        Bailey |   1669 |   1669 |      0 |     51 |   1285 |   1 | 1669.0 |
               +--------+--------+--------+--------+--------+-----+--------+

Top non-repeatable levels by time:
    D:11: 1968 daAuts
     D:2: 1734 daAuts
  Bailey: 1669 daAuts
     D:8: 1569 daAuts
     D:5: 1354 daAuts
     D:4: 1287 daAuts
     D:1: 1124 daAuts
    D:10: 1104 daAuts
     D:9: 1095 daAuts
     D:3: 1033 daAuts
     D:6: 966 daAuts
     D:7: 951 daAuts
 Ossuary: 265 daAuts
 Abyss:1: 222 daAuts
    D:12: 204 daAuts
